Map: New Gettysburg LE

Players

Fropez - Winner!

  • Race: Protoss Protoss
  • League: Gold
  • Spawn Location: 5:00

Jobba

  • Race: Terran Terran
  • League: Gold
  • Spawn Location: 7:00

VOD

Have the link to the VOD?

Description

Time

  • Played on: Nov. 2, 2016, 6:50 p.m.
  • Length: 16:10
Show
View Real Time Build Order
Export as new Build Order

Fropez Protoss - Winner!

Build Orders: 1 Gate Expand 

Get SALT Encoding   

  12  0:01  Probe (Chrono Boost)  
  13  0:11  Probe (Chrono Boost)  
  14  0:20  Pylon  
  14  0:22  Probe (Chrono Boost)  
  15  0:39  Probe (Chrono Boost)  
  15  0:41  Gateway  
  16  0:49  Probe (Chrono Boost)  
  17  0:55  Gateway  
  17  1:06  Probe (Chrono Boost), Assimilator  
  18  1:28  Probe (Chrono Boost)  
  19  1:35  Nexus  
  19  1:49  Cybernetics Core  
  19  1:56  Probe (Chrono Boost)  
  20  2:02  Assimilator  
  20  2:06  Probe (Chrono Boost)  
  21  2:15  Pylon  
  21  2:17  Pylon, Probe (Chrono Boost)  
  21  2:25  Adept  
  23  2:31  Pylon  
  23  2:33  Adept  
  23  2:35  Warp Gate (Chrono Boost)  
  25  2:45  Mothership Core  
  25  2:50  Probe  
  30  3:03  Probe  
  31  3:06  Probe  
  32  3:14  Probe  
  33  3:23  Adept x2  
  35  3:32  Twilight Council  
  33  3:52  Stalker  
  33  3:53  Stalker  
  33  3:55  Probe  
  35  3:56  Probe  
  35  3:58  Gateway  
  37  4:07  Pylon, Probe  
  37  4:08  Resonating Glaives (Chrono Boost)  
  38  4:20  Probe x2  
  38  4:22  Assimilator  
  40  4:32  Probe, Stalker x2  
  45  4:40  Probe  
  46  5:01  Stalker  
  46  5:02  Stalker  
  46  5:03  Pylon  
  50  5:19  Probe x2  
  52  5:33  Robotics Facility  
  52  5:34  Dark Shrine  
  52  5:39  Probe x2  
  52  5:41  Assimilator  
  54  5:44  Adept x3  
  54  5:45  Pylon  
  56  6:05  Probe x2  
  56  6:07  Adept x2  
  56  6:08  Adept, Gateway x2  
  64  6:18  Blink (Chrono Boost)  
  64  6:32  Adept x3  
  63  7:09  Adept x3  
  57  7:50  Stalker x2  
  57  7:51  Stalker x3  
  67  8:00  Nexus  
  67  8:04  Assimilator  
  67  8:09  Assimilator  
  67  8:10  Pylon  
  61  8:33  Adept x5  
  67  8:52  Probe x2  
  67  9:03  Gateway  
  67  9:05  Gateway  
  67  9:08  Forge, Probe  
  67  9:09  Probe  
  65  9:10  Forge  
  65  9:11  Pylon, Probe  
  64  9:21  Probe  
  64  9:23  Adept x5  
  75  9:30  Observer (Chrono Boost)  
  74  9:39  Pylon  
  74  9:41  Probe x2  
  74  9:42  Pylon  
  62  10:07  Dark Templar  
  64  10:14  Dark Templar  
  66  10:25  Stalker x4  
  66  10:26  Probe, Stalker  
  66  10:27  Probe x2  
  79  10:28  Protoss Ground Weapons Level 1 (Chrono Boost), Protoss Ground Armor Level 1 (Chrono Boost)  
  79  11:00  Adept x3  
  79  11:01  Adept x4  
  89  11:20  Warp Prism  
  85  11:28  Stalker x2  
  85  11:29  Stalker x5  
  81  12:10  Stalker x6  
  81  12:11  Stalker  
  95  12:27  Protoss Ground Weapons Level 2 (Chrono Boost)  
  95  12:28  Protoss Ground Armor Level 2 (Chrono Boost)  
  95  12:33  Probe x2  
  97  12:37  Gateway  
  91  13:11  Stalker x4  
  91  13:12  Stalker x3  
  105  13:19  Probe  
  105  13:20  Probe x2, Gateway  
  105  13:22  Gateway  
  105  13:24  Nexus  
  105  13:26  Gateway  
  108  13:27  Gateway  
  108  14:10  Dark Templar x4  
  108  14:11  Dark Templar x3  
  122  14:24  Stalker  
  124  14:29  Pylon  
  124  14:31  Pylon, Dark Templar  
  122  14:32  Pylon  
  120  14:50  Dark Templar  
  120  14:51  Dark Templar x2  
  110  15:15  Adept x2  
  110  15:16  Adept x4  
  104  15:55  Stalker x5  
  104  15:56  Stalker x4  
Show
View Real Time Build Order
Export as new Build Order

Jobba Terran 

Build Orders:  

Get SALT Encoding   

  12  0:01  SCV  
  13  0:14  SCV  
  14  0:21  Supply Depot  
  14  0:26  SCV  
  15  0:31  Refinery  
  15  0:42  SCV  
  16  0:49  Barracks  
  16  0:55  SCV  
  17  1:03  Refinery  
  17  1:07  SCV  
  18  1:17  Barracks  
  18  1:24  SCV  
  19  1:36  Marine  
  20  1:53  Orbital Command  
  20  1:54  Marine  
  21  2:06  Barracks Tech Lab  
  21  2:16  Barracks Tech Lab  
  21  2:27  Supply Depot  
  21  2:30  Concussive Shells  
  21  2:33  Marauder  
  23  2:55  Command Center  
  23  3:00  Marauder  
  25  3:09  Marauder  
  27  3:14  SCV  
  28  3:24  Supply Depot  
  28  3:33  Marauder  
  30  3:46  Marauder  
  32  3:54  Marauder  
  33  4:00  Combat Shields  
  33  4:06  SCV  
  33  4:08  Marauder  
  36  4:12  Engineering Bay  
  36  4:18  SCV x2  
  38  4:30  SCV x2  
  40  4:41  Supply Depot  
  40  4:42  SCV x2  
  42  5:03  Planetary Fortress  
  42  5:08  Missile Turret  
  42  5:11  SCV  
  43  5:20  Missile Turret  
  43  5:23  SCV  
  44  5:30  Missile Turret  
  44  5:35  SCV  
  45  5:39  Factory  
  45  5:43  Missile Turret  
  45  5:44  SCV  
  45  5:47  SCV  
  47  5:56  SCV  
  48  5:59  SCV  
  48  6:03  Refinery  
  49  6:06  Marine x2  
  49  6:08  SCV  
  52  6:11  SCV  
  53  6:20  SCV  
  53  6:23  Marine, SCV  
  53  6:24  Marine  
  54  6:32  SCV  
  55  6:36  SCV  
  54  6:41  Marine  
  54  6:44  SCV, Marauder  
  55  6:51  Widow Mine  
  49  7:00  Marauder  
  48  7:05  Marauder  
  48  7:19  Widow Mine  
  48  7:21  Marauder  
  52  7:27  Marauder  
  52  7:29  Command Center  
  49  7:42  Marauder  
  47  7:48  Marauder  
  44  7:53  Widow Mine  
  45  8:27  Supply Depot x2  
  45  8:41  Marauder x2  
  49  8:45  Refinery  
  49  8:51  Factory Tech Lab  
  49  9:02  Marauder x2  
  53  9:13  Siege Tank  
  56  9:23  SCV, Marauder x2  
  60  9:35  SCV  
  61  9:45  Marauder x2  
  65  9:47  SCV  
  66  9:59  SCV  
  65  10:06  Marauder  
  67  10:11  SCV  
  67  10:13  Marauder  
  68  10:20  Siege Tank  
  69  10:39  Supply Depot  
  69  10:40  Supply Depot  
  69  10:51  Marauder  
  69  10:54  Marauder  
  62  11:13  Marauder  
  62  11:16  Marauder  
  62  11:17  Siege Tank  
  68  11:34  Marauder  
  70  11:41  Starport  
  70  11:42  Starport  
  64  11:48  Widow Mine  
  44  12:17  Widow Mine  
  44  12:21  Medivac x2  
  50  12:32  Marauder  
  50  12:33  Marauder  
  52  12:45  Widow Mine  
  52  12:47  Engineering Bay  
  51  12:54  Marauder x2  
  51  13:10  Medivac x2  
  55  13:14  Widow Mine  
  55  13:15  Marauder x2  
  61  13:36  Marauder  
  61  13:37  Marauder  
  65  13:58  Marauder x2  
  69  14:07  Supply Depot  
  69  14:13  Supply Depot  
  69  14:29  Marauder x2, Medivac x2  
  67  14:51  Marauder x2  
  62  14:59  Medivac  
  43  15:22  Medivac  
  43  15:29  Medivac  
  45  15:54  Missile Turret  
  45  15:55  Missile Turret  
Tags
 
League
GoldGold
Matchup
PvT
Replay Pack
All Mines
Spawn Locations
Close Positions
Add a new tag
Caveats
  • Supply blocks, unpowered buildings, or Contaminate may cause inaccurate times.
  • Supply counts are checked every 10 seconds.